 Dungeon Crawl Stone Soup version 0.24.1-14-gf8d2b509d9 (webtiles) character file.

Game seed: 681313696910541435, levelgen mode: deterministic

8385 Hugehornet the Basher (level 11, 0/120 HPs)
             Began as a Human Fighter on May 26, 2020.
             Was an Elder of Cheibriados.
             Slain by a death yak (12 damage)
             ... on level 2 of the Lair of Beasts.
             The game lasted 00:17:19 (12592 turns).

Hugehornet the Basher (Human Fighter)              Turns: 12592, Time: 00:17:20

Health: 0/120      AC: 25    Str: 33    XL:     11   Next: 54%
Magic:  14/14      EV:  2    Int: 21    God:    Cheibriados [****..]
Gold:   609        SH: 14    Dex: 28    Spells: 10/10 levels left

rFire    . . .     SeeInvis .   e - +8 whip of Exchange {freeze, rPois Stlth+}
rCold    . . .     Gourm    .   c - +0 shield
rNeg     + + +     Faith    +   (armour currently unavailable)
rPois    +         Spirit   .   (helmet currently unavailable)
rElec    .         Reflect  .   (cloak currently unavailable)
rCorr    .         Harm     .   (gloves currently unavailable)
MR       .....     NoTele   +   (boots currently unavailable)
Stlth    +++.......             w - amulet of faith (curse)
HPRegen  0.30/turn              r - +5 ring of dexterity
MPRegen  0.14/turn              d - +6 ring of strength

@: tree-form, very slightly contaminated, invisible, very slow
A: no striking features
a: Bend Time, Temporal Distortion, Slouch, Renounce Religion


You were on level 2 of the Lair of Beasts.
You worshipped Cheibriados.
Cheibriados was greatly pleased with you.
You were hungry.
You were a tree.
You visited 3 branches of the dungeon, and saw 13 of its levels.

You collected 609 gold pieces.

Inventory:

Hand Weapons
 a - a +0 war axe
 e - the +8 whip of Exchange (weapon) {freeze, rPois Stlth+}
   (You found it on level 5 of the Dungeon)

   It has been specially enchanted to freeze those struck by it, causing extra
   injury to most foes and up to half again as much damage against particularly
   susceptible opponents.
   It can also slow down cold-blooded creatures.
   It protects you from poison.
   It makes you more stealthy.
 o - a +3 vampiric hand axe
 q - a +3 mace of holy wrath
Armour
 b - a +0 scale mail
 c - a +0 shield (worn)
 l - a +0 chain mail
 z - a +0 pair of boots (melded)
 D - a +0 plate armour (melded)
 E - the +3 scale mail of the Peculiar Princes {rPois rC- rN+++ rCorr}
   (You found it on level 9 of the Dungeon)

   It makes you vulnerable to cold.
   It protects you from poison.
   It renders you almost immune to negative energy.
   It provides partial protection from all sources of acid and corrosion.
Jewellery
 d - a +6 ring of strength (right branch)
 r - a +5 ring of dexterity (left branch)
 w - a cursed amulet of faith (around neck)
Wands
 s - a wand of scattershot (5)
 A - a wand of flame (17)
 K - a wand of iceblast (6)
Scrolls
 g - 2 scrolls of random uselessness {unknown}
 h - 2 scrolls of magic mapping {unknown}
 k - 4 scrolls of teleportation
 t - a scroll of immolation {unknown}
 u - 8 scrolls of remove curse
 v - a scroll of enchant armour {unknown}
 y - a scroll of silence {unknown}
 B - a scroll of identify
 C - 2 scrolls of fog {unknown}
 F - a scroll of noise {unknown}
 G - a scroll of enchant weapon {unknown}
 H - a scroll of holy word {unknown}
 J - 3 scrolls of amnesia {unknown}
Potions
 i - a potion of curing
 m - 2 potions of lignification
 n - a potion of brilliance
 p - a potion of resistance
 x - 2 potions of agility
Comestibles
 f - 19 rations


   Skills:
 + Level 5.2 Fighting
 - Level 7.5(10.3) Axes
 - Level 11.1(12.0) Maces & Flails
 * Level 7.0 Armour
 * Level 7.0 Shields
 + Level 4.6 Invocations


You had 10 spell levels left.
You didn't know any spells.
Your spell library contained the following spells:

 Spells                   Type           Power        Failure   Level  Hunger
 Shock                    Conj/Air       #...         45%         1    ##.....
 Summon Small Mammal      Summ           #...         45%         1    ##.....
 Call Imp                 Summ           #.......     58%         2    ###....
 Swiftness                Chrm/Air       #.......     58%         2    ###....
 Call Canine Familiar     Summ           #.......     83%         3    ####...
 Static Discharge         Conj/Air       #.......     83%         3    ####...
 Summon Guardian Golem    Hex/Summ       #.......     83%         3    ####...
 Airstrike                Air            #.........   99%         4    #####..
 Summon Ice Beast         Ice/Summ       #.......     99%         4    #####..
 Summon Lightning Spire   Summ/Air       #.......     99%         4    #####..
 Lightning Bolt           Conj/Air       #.........   100%        5    ######.


Dungeon Overview and Level Annotations

Branches:
Dungeon (10/15)            Temple (1/1) D:5            Lair (2/6) D:9
  Swamp: Lair:2-4    Shoals: Lair:2-4     Snake: Lair:2-4    Spider: Lair:2-4
    Orc: D:9-12

Altars:
Ashenzari
Cheibriados
Dithmenos
Elyvilon
Fedhas
Gozag
Hepliaklqana
Kikubaaqudgha
Makhleb
Nemelex Xobeh
Okawaru
Qazlal
Ru
Sif Muna
Trog
Uskayaw
Vehumet
Wu Jian
Xom
Yredelemnul
Zin
The Shining One

Shops:
D:4 [   D:7 }   D:10 =

Annotations:
D:9 exclusion: 2 oklob plants
D:10 exclusion: orange crystal statue


Message History

The death yak is almost dead.
The yak gores you but does no damage.
You feel better. The death yak gores you!
* * * LOW HITPOINT WARNING * * *
You fade into invisibility!
The death yak gores you.
* * * LOW HITPOINT WARNING * * *
You are very lightly contaminated with residual magic.
Really quaff the potion of lignification?
You turn into a tree.
Your +0 pair of boots melds into your body.
Your +0 plate armour melds into your body.
Your roots penetrate the ground.
The death yak gores you but does no damage.
The death yak gores you.
* * * LOW HITPOINT WARNING * * *
You feel better. You block the death yak's attack.
The death yak gores you but does no damage.
You feel better. The death yak gores you!
You die...

.........Y..YY.........
........#..##..........
........##..#..#.#..#..
#.....§§..#..............
#.§≈≈§≈≈≈YYYY.........#..
#.§≈##§§≈YYYY.P.#.#......
##.≈≈≈#≈≈≈YY######.#...#..
..≈§≈≈≈≈§Y## ##....#..
........♣Y# #.......
##.P....## #....#..
####.P....# #####.P.P..
.........#######.# #......
........###..#P..###......
.)P......###..........##..
.#.........#.P#.P.#..###..
.........^...####P##.# #..
............## ####.♣ #..


You could see 4 death yaks and 8 yaks.

Vanquished Creatures
  A molten gargoyle (Lair:2)
  2 spiny frogs
  A rime drake (Lair:1)
  A komodo dragon (Lair:1)
  6 hippogriffs
  5 yaks
  Sigmund (D:3)
  Grum (D:8)
  A basilisk (Lair:1)
  2 hungry ghosts
  2 vampire mosquitoes (Lair:2)
  3 water moccasins
  3 orc warriors
  3 ice beasts
  A sky beast (D:5)
  A necrophage (D:10)
  A black bear (D:9)
  An ogre (D:9)
  5 centaurs
  4 wolves (D:8)
  4 crocodiles
  3 bullfrogs
  2 wyvern zombies
  A wyvern skeleton (D:6)
  4 scorpions
  3 wights (D:9)
  4 vampire bats (D:5)
  5 howler monkeys
  3 crimson imps
  A bullfrog zombie (D:5)
  3 hounds
  3 jellies
  4 orc priests
  An orc wizard (D:7)
  An iguana (D:5)
  10 worker ants
  A hound zombie (D:8)
  A hound skeleton (D:4)
  A worker ant zombie (D:7)
  12 adders
  3 shadow imps
  4 oozes
  4 worms
  2 dart slugs (D:1)
  3 leopard geckos
  22 orcs
  2 ball pythons
  8 bats
  3 giant cockroaches
  8 goblins
  4 hobgoblins
  7 jackals
  5 quokkas
  7 frilled lizards
  A jackal skeleton (D:5)
  4 kobolds
  11 rats
210 creatures vanquished.

Vanquished Creatures (others)
  A fire vortex (Lair:2)
  4 fungi (Lair:2)
  A plant (Lair:2)
6 creatures vanquished.

Grand Total: 216 creatures vanquished

Notes
Turn   | Place    | Note
-------+----------+-------------------------------------------
     0 | D:1      | Hugehornet the Human Fighter began the quest for the Orb.
     0 | D:1      | Reached XP level 1. HP: 18/18 MP: 1/1
   110 | D:1      | Reached XP level 2. HP: 22/24 MP: 2/2
   343 | D:1      | Reached XP level 3. HP: 29/29 MP: 3/3
   935 | D:2      | Found an opulent altar of Gozag.
   954 | D:2      | Reached XP level 4. HP: 21/35 MP: 4/4
  1675 | D:3      | Reached XP level 5. HP: 41/41 MP: 5/5
  1798 | D:3      | Reached skill level 5 in Axes
  1959 | D:3      | Noticed Sigmund
  1996 | D:3      | Killed Sigmund
  1996 | D:3      | Reached XP level 6. HP: 31/47 MP: 6/6
  2650 | D:4      | Found an iron altar of Okawaru.
  2798 | D:4      | Found Cuisu's Armour Shop.
  3012 | D:4      | Reached XP level 7. HP: 48/52 MP: 7/7
  3207 | D:4      | Found a shimmering blue altar of Sif Muna.
  3473 | D:5      | Entered Level 5 of the Dungeon
  3726 | D:5      | Got a bloodstained whip
  3727 | D:5      | Identified the +8 whip of Exchange {freeze, rPois Stlth+}
                  | (You found it on level 5 of the Dungeon)
  3921 | D:5      | Reached skill level 2 in Maces & Flails
  3939 | D:5      | Reached skill level 3 in Maces & Flails
  3968 | D:5      | Reached XP level 8. HP: 58/58 MP: 8/8
  4001 | D:5      | Reached skill level 4 in Maces & Flails
  4238 | D:5      | Reached skill level 5 in Maces & Flails
  4416 | D:5      | Found a staircase to the Ecumenical Temple.
  4427 | Temple   | Entered the Ecumenical Temple
  4623 | Temple   | Became a worshipper of Cheibriados the Contemplative
  5230 | D:6      | Reached skill level 6 in Maces & Flails
  5729 | D:7      | Reached skill level 7 in Maces & Flails
  5774 | D:7      | Reached * piety under Cheibriados
  5774 | D:7      | Reached XP level 9. HP: 58/63 MP: 9/9
  6369 | D:7      | Reached skill level 8 in Maces & Flails
  6605 | D:7      | Found Rirr's Gadget Boutique.
  6695 | D:7      | Reached ** piety under Cheibriados
  6933 | D:8      | Reached skill level 9 in Maces & Flails
  7315 | D:8      | Noticed Grum
  7335 | D:8      | Killed Grum
  7345 | D:8      | Reached skill level 10 in Maces & Flails
  8022 | D:9      | Reached *** piety under Cheibriados
  8131 | D:9      | Noticed a hippogriff
  8137 | D:9      | Killed a hippogriff
  8137 | D:9      | Reached XP level 10. HP: 70/70 MP: 10/10
  8175 | D:9      | Got a smoking scale mail
  8186 | D:9      | Identified the +3 scale mail of the Peculiar Princes {rPois
                  | rC- rN+++ rCorr} (You found it on level 9 of the Dungeon)
  8289 | D:9      | Reached skill level 11 in Maces & Flails
  8431 | D:9      | Reached skill level 1 in Invocations
  8651 | D:9      | Found a blossoming altar of Fedhas.
  8653 | D:9      | Noticed an oklob plant
  8653 | D:9      | Noticed an oklob plant
  8743 | D:9      | Found a staircase to the Lair.
  9177 | D:10     | Entered Level 10 of the Dungeon
  9592 | D:10     | Reached **** piety under Cheibriados
  9775 | D:10     | Noticed an orange crystal statue
  9777 | D:10     | Reached skill level 5 in Armour
  9777 | D:10     | Reached skill level 5 in Shields
  9968 | D:10     | Found a shadowy altar of Dithmenos.
 10136 | D:10     | Found Syacouf's Jewellery Boutique.
 10620 | Lair:1   | Entered Level 1 of the Lair of Beasts
 10728 | Lair:1   | Noticed a rime drake
 10740 | Lair:1   | Killed a rime drake
 10823 | Lair:1   | Noticed a spiny frog
 10833 | Lair:1   | Killed a spiny frog
 10833 | Lair:1   | Reached XP level 11. HP: 74/78 MP: 13/13
 11077 | Lair:1   | HP: 2/78 [komodo dragon (18)]
 12125 | Lair:2   | Reached skill level 5 in Fighting
 12402 | Lair:2   | Noticed a death yak
 12402 | Lair:2   | Noticed a death yak
 12403 | Lair:2   | Noticed a death yak
 12403 | Lair:2   | Noticed a death yak
 12589 | Lair:2   | HP: 4/80 [death yak (6)]
 12590 | Lair:2   | HP: 1/120 [death yak (6)]
 12592 | Lair:2   | Slain by a death yak

Levels and vault maps discovered:
D:1:      lemuel_arrival_tunnels, layout_rooms
D:2:      layout_loops_ring, first_ration, lemuel_tele_altar
D:3:      layout_basic, kennysheep_generic_room_8, uniq_sigmund
D:4:      layout_loops_ring, kennysheep_okawaru_gauntlet, serial_shops,
          nicolae_shop_statue_plus, led_sif_pool
D:5:      layout_basic, minmay_temple_entry_statues_pillars, roderic_batcave
D:6:      layout_basic
D:7:      layout_loops_cross, serial_shops, shop
D:8:      layout_basic, uniq_grum
D:9:      layout_grid_maze, lair_entry_dummy, hangedman_tree_tricks
D:10:     layout_stronghold, serial_shops, nicolae_shop_statue_plus,
          basic_altar, minmay_statue_bubble
Temple:   minmay_crystal_snake_temple
Lair:1:   layout_chaotic_city, chequers_serial_rivers_room_a
Lair:2:   layout_gridlike, minmay_swamp_entry_swarm

Skill      XL: |  1  2  3  4  5  6  7  8  9 10 11 |
---------------+----------------------------------+-----
Axes           | 3 4 6 7 |  7.5
Maces & Flails | 3 7 10 11 | 11.1
Invocations    | 3 4 |  4.6
Armour         | 5 7 |  7.0
Shields        | 5 7 |  7.0
Fighting       | 4 5 |  5.2

Action                   |  1- 3 |  4- 6 |  7- 9 | 10-12 || total
-------------------------+-------+-------+-------+-------++-------
Melee: War axe           |    81 |   146 |    25 |       ||   252
       Whip              |       |       |   278 |   317 ||   595
  Use: Scroll            |       |       |    10 |     2 ||    12
       Potion            |       |       |     4 |     9 ||    13
  Eat: Chunk             |       |     7 |     9 |     4 ||    20
       Ration            |       |       |     1 |     2 ||     3
Armor: Scale mail        |    42 |     5 |       |       ||    47
       Chain mail        |       |    81 |   123 |    47 ||   251
       Plate armour      |       |       |       |    32 ||    32
       Skin              |       |       |       |     2 ||     2
Dodge: Dodged            |    14 |    35 |    49 |    52 ||   150
Block: Shield            |    32 |    62 |   117 |   123 ||   334
